NCAA
GEORGIA BULLDOGS @ NOTRE DAME FIGHTING IRISH
05/18/2029
 
TOP OF THE 1ST
Georgia Bulldogs batting - Pitching for Notre Dame Fighting Irish : RHP Bob Austin
Pitching: RHP Bob Austin
Batting: LHB Bill Williams 0-0: Called Strike
0-1: Ball
1-1: Called Strike
1-2: Strikes out looking
Batting: RHB Jay McGuire 0-0: Called Strike
0-1: Ground out 4-3 (Groundball, 4)
Batting: SHB Andrés Coronado 0-0: Called Strike
0-1: Foul Ball, location: 2F
0-2: Ball
1-2: Ball
2-2: Foul Ball, location: 2F
2-2: Strikes out swinging
Top of the 1st over - 0 runs, 0 hits, 0 errors, 0 left on base; Georgia 0 - Notre Dame 0
BOTTOM OF THE 1ST
Notre Dame Fighting Irish batting - Pitching for Georgia Bulldogs : LHP Alberto Moreno
Pitching: LHP Alberto Moreno
Batting: RHB Allen Miller 0-0: Called Strike
0-1: Foul Ball, location: 2F
0-2: Reached on error, E5 (Groundball, 56S)
Batting: RHB River Hall 0-0: Swinging Strike
0-1: Ball
1-1: Foul Ball, location: 2F
1-2: Ball
2-2: Foul Ball, location: 2F
2-2: Fly out, F9 (Flyball, 9S)
Batting: RHB Jorge Ortíz 0-0: Ball
1-0: Ground out 5-3 (Groundball, 56)
Batting: LHB Sam Knight 0-0: SINGLE (Groundball, 4MD)
Allen Miller to third
Runner from 3rd tries for Home, SAFE, throw made home
Sam Knight to second
Batting: SHB Jason Ashley 0-0: Called Strike
0-1: Ball
1-1: Called Strike
1-2: Ball
2-2: Ball
3-2: Base on Balls
Batting: LHB Juan Muńóz 0-0: 3-RUN HOME RUN (Flyball, 9LD), Distance : 322 ft
Batting: SHB Andre Keeler 0-0: Fly out, F5 (Line Drive, 5L)
Bottom of the 1st over - 4 runs, 2 hits, 1 error, 0 left on base; Georgia 0 - Notre Dame 4
TOP OF THE 2ND
Georgia Bulldogs batting - Pitching for Notre Dame Fighting Irish : RHP Bob Austin
Batting: RHB Ángel Torres 0-0: Called Strike
0-1: Foul Ball, location: 2F
0-2: SINGLE (Line Drive, 89S)
Batting: SHB Jean-François St-Amant 0-0: Ball
1-0: Called Strike
1-1: Foul Ball, location: 2F
1-2: Strikes out swinging
Batting: LHB Leroy Surtees 0-0: Ball
Ángel Torres steals 2nd base
1-0: Fly out, F8 (Flyball, 78D)
Batting: RHB Martín Pacheco 0-0: Swinging Strike
0-1: Foul Ball, location: 2F
0-2: Strikes out swinging
Top of the 2nd over - 0 runs, 1 hit, 0 errors, 1 left on base; Georgia 0 - Notre Dame 4
BOTTOM OF THE 2ND
Notre Dame Fighting Irish batting - Pitching for Georgia Bulldogs : LHP Alberto Moreno
Batting: LHB Stewart Rodríguez 0-0: Ball
1-0: SINGLE (Line Drive, 6MD)
Batting: SHB Lee Dean 0-0: Ball
1-0: Ball
2-0: SINGLE (Line Drive, 78S)
Stewart Rodríguez to second
Batting: RHB Allen Miller 0-0: SINGLE (Groundball, 6MD)
Stewart Rodríguez to third
Lee Dean to second
Runner from 3rd tries for Home, throw and OUT!
Batting: RHB River Hall 0-0: Called Strike
0-1: Ball
1-1: Swinging Strike
1-2: Strikes out swinging
Batting: RHB Jorge Ortíz 0-0: Ball
1-0: Foul Ball, location: 2F
1-1: 3-RUN HOME RUN (Flyball, 78XD), Distance : 391 ft
Batting: LHB Sam Knight 0-0: Called Strike
0-1: Ground out 5-3 (Groundball, 56)
Bottom of the 2nd over - 3 runs, 4 hits, 0 errors, 0 left on base; Georgia 0 - Notre Dame 7
TOP OF THE 3RD
Georgia Bulldogs batting - Pitching for Notre Dame Fighting Irish : RHP Bob Austin
Batting: RHB David Flores 0-0: Called Strike
0-1: Swinging Strike
0-2: Strikes out swinging
Batting: RHB Wes Durán 0-0: Ground out 6-3 (Groundball, 56)
Batting: LHB Bill Williams 0-0: Swinging Strike
0-1: Foul Ball, location: 2F
0-2: Strikes out looking
Top of the 3rd over - 0 runs, 0 hits, 0 errors, 0 left on base; Georgia 0 - Notre Dame 7
BOTTOM OF THE 3RD
Notre Dame Fighting Irish batting - Pitching for Georgia Bulldogs : LHP Alberto Moreno
Batting: SHB Jason Ashley 0-0: DOUBLE (Groundball, 5L)
Batting: LHB Juan Muńóz 0-0: Ground out U3 (Groundball, 34S)
Jason Ashley to third
Batting: SHB Andre Keeler 0-0: SINGLE (Groundball, 34S) (infield hit)
Jason Ashley scores
Batting: LHB Stewart Rodríguez 0-0: Swinging Strike
0-1: Ball
1-1: Foul Ball, location: 2F
1-2: Foul Ball, location: 2F
1-2: Foul Ball, location: 2F
1-2: Strikes out swinging
Batting: SHB Lee Dean 0-0: Ball
1-0: SINGLE (Flyball, 9LM)
Andre Keeler to second
Runner from 2nd tries for 3rd, SAFE, throw made to third
Batting: RHB Allen Miller 0-0: Fielders Choice at 2nd, 5-4 (Groundball, 56)
Bottom of the 3rd over - 1 run, 3 hits, 0 errors, 2 left on base; Georgia 0 - Notre Dame 8
TOP OF THE 4TH
Georgia Bulldogs batting - Pitching for Notre Dame Fighting Irish : RHP Bob Austin
Batting: RHB Jay McGuire 0-0: Called Strike
0-1: Ball
1-1: Swinging Strike
1-2: Fly out, F7 (Flyball, 7)
Batting: SHB Andrés Coronado 0-0: Ball
1-0: Ground out 1-3 (Groundball, P)
Batting: RHB Ángel Torres 0-0: Ground out 6-3 (Groundball, 6)
Top of the 4th over - 0 runs, 0 hits, 0 errors, 0 left on base; Georgia 0 - Notre Dame 8
BOTTOM OF THE 4TH
Notre Dame Fighting Irish batting - Pitching for Georgia Bulldogs : LHP Alberto Moreno
Batting: RHB River Hall 0-0: SINGLE (Flyball, 9S)
Batting: RHB Jorge Ortíz 0-0: Ball
1-0: Fielders Choice at 2nd, 5-4 (Groundball, 56)
Batting: LHB Sam Knight 0-0: Called Strike
Jorge Ortíz is caught stealing 2nd base
0-1: Ball
1-1: Swinging Strike
1-2: Ball
2-2: Foul Ball, location: 2F
2-2: Strikes out swinging
Bottom of the 4th over - 0 runs, 1 hit, 0 errors, 0 left on base; Georgia 0 - Notre Dame 8
TOP OF THE 5TH
Georgia Bulldogs batting - Pitching for Notre Dame Fighting Irish : RHP Bob Austin
Batting: SHB Jean-François St-Amant 0-0: Ball
1-0: Ground out 1-3 (Groundball, 15S)
Batting: LHB Leroy Surtees 0-0: Called Strike
0-1: Foul Ball, location: 2F
0-2: Strikes out swinging
Batting: RHB Martín Pacheco 0-0: Called Strike
0-1: Ball
1-1: Called Strike
1-2: Ground out 5-3 (Groundball, 56S)
Top of the 5th over - 0 runs, 0 hits, 0 errors, 0 left on base; Georgia 0 - Notre Dame 8
BOTTOM OF THE 5TH
Notre Dame Fighting Irish batting - Pitching for Georgia Bulldogs : LHP Alberto Moreno
Batting: SHB Jason Ashley 0-0: Ball
1-0: Ball
2-0: Ball
3-0: Called Strike
3-1: Called Strike
3-2: Base on Balls
Batting: LHB Juan Muńóz 0-0: Ball
1-0: Foul Ball, location: 2F
1-1: Ball
2-1: Ball
3-1: Fly out, F3 (Popup, 3S)
Batting: SHB Andre Keeler 0-0: Grounds into double play, 5-4-3 (Groundball, 5L)
Bottom of the 5th over - 0 runs, 0 hits, 0 errors, 0 left on base; Georgia 0 - Notre Dame 8
TOP OF THE 6TH
Georgia Bulldogs batting - Pitching for Notre Dame Fighting Irish : RHP Bob Austin
Batting: RHB David Flores 0-0: Ball
1-0: Foul Ball, location: 2F
1-1: Ball
2-1: Fly out, F8 (Line Drive, 8RD)
Batting: RHB Wes Durán 0-0: Ball
1-0: Ground out 6-3 (Groundball, 6)
Batting: LHB Bill Williams 0-0: Called Strike
0-1: Ball
1-1: Called Strike
1-2: Strikes out swinging
Top of the 6th over - 0 runs, 0 hits, 0 errors, 0 left on base; Georgia 0 - Notre Dame 8
BOTTOM OF THE 6TH
Notre Dame Fighting Irish batting - Pitching for Georgia Bulldogs : LHP Alberto Moreno
Batting: LHB Stewart Rodríguez 0-0: Swinging Strike
0-1: Foul Ball, location: 2F
0-2: Ball
1-2: Strikes out looking
Batting: SHB Lee Dean 0-0: Ball
1-0: Foul Ball, location: 2F
1-1: Ball
2-1: Ball
3-1: Base on Balls
Batting: RHB Allen Miller 0-0: Ball
1-0: Ball
2-0: Ball
3-0: Called Strike
3-1: Fielders Choice at 2nd, 4-6 (Groundball, 4)
Pitching: RHP Roberto Castillo
Batting: RHB River Hall 0-0: Called Strike
0-1: SINGLE (Groundball, 6D)
Allen Miller to second
Batting: RHB Jorge Ortíz 0-0: Ball
1-0: Called Strike
1-1: Foul Ball, location: 2F
1-2: Ball
2-2: Ground out 4-3 (Groundball, 4)
Bottom of the 6th over - 0 runs, 1 hit, 0 errors, 2 left on base; Georgia 0 - Notre Dame 8
TOP OF THE 7TH
Georgia Bulldogs batting - Pitching for Notre Dame Fighting Irish : RHP Bob Austin
Batting: RHB Jay McGuire 0-0: Ball
1-0: Foul Ball, location: 2F
1-1: Fly out, F8 (Flyball, 8RM)
Batting: SHB Andrés Coronado 0-0: Called Strike
0-1: Swinging Strike
0-2: Reached on error, E1 (Groundball, P)
Batting: RHB Ángel Torres 0-0: Swinging Strike
0-1: Foul Ball, location: 2F
0-2: Ball
1-2: Foul Ball, location: 2F
1-2: Strikes out swinging
Batting: SHB Jean-François St-Amant 0-0: Ball
1-0: Swinging Strike
1-1: Ball
2-1: Ball
3-1: Called Strike
3-2: Fly out, F7 (Line Drive, 78D)
Top of the 7th over - 0 runs, 0 hits, 1 error, 1 left on base; Georgia 0 - Notre Dame 8
BOTTOM OF THE 7TH
Notre Dame Fighting Irish batting - Pitching for Georgia Bulldogs : RHP Roberto Castillo
Batting: LHB Sam Knight 0-0: Ball
1-0: SOLO HOME RUN (Flyball, 9LD), Distance : 329 ft
Batting: SHB Jason Ashley 0-0: Ball
1-0: Ball
2-0: Ground out 3-1 (Groundball, 34S)
Batting: LHB Juan Muńóz 0-0: Ground out 1-3 (Groundball, P)
Batting: SHB Andre Keeler 0-0: Foul Ball, location: 2F
0-1: Foul Ball, location: 2F
0-2: Ball
1-2: Ball
2-2: Foul Ball, location: 2F
2-2: Ball
3-2: SINGLE (Line Drive, 5D)
Batting: LHB Stewart Rodríguez 0-0: Ball
1-0: Ball
2-0: Ball
3-0: Called Strike
3-1: Foul Ball, location: 2F
3-2: 2-RUN HOME RUN (Flyball, 8RXD), Distance : 402 ft
Batting: SHB Lee Dean 0-0: Ball
1-0: Swinging Strike
1-1: Called Strike
1-2: Strikes out looking
Bottom of the 7th over - 3 runs, 3 hits, 0 errors, 0 left on base; Georgia 0 - Notre Dame 11
TOP OF THE 8TH
Georgia Bulldogs batting - Pitching for Notre Dame Fighting Irish : RHP Bob Austin
Now in CF: Bartolo Medina
Batting: LHB Leroy Surtees 0-0: Called Strike
0-1: SOLO HOME RUN (Line Drive, 9LD), Distance : 325 ft
Batting: RHB Martín Pacheco 0-0: Ball
1-0: Ball
2-0: Swinging Strike
2-1: Ground out 6-3 (Groundball, 6)
Pitching: RHP Benjamin Bell
Batting: RHB David Flores 0-0: Swinging Strike
0-1: Foul Ball, location: 2F
0-2: Fly out, F9 (Flyball, 9S)
Batting: RHB Wes Durán 0-0: Called Strike
0-1: Ground out U3 (Groundball, 3L)
Top of the 8th over - 1 run, 1 hit, 0 errors, 0 left on base; Georgia 1 - Notre Dame 11
BOTTOM OF THE 8TH
Notre Dame Fighting Irish batting - Pitching for Georgia Bulldogs : RHP Roberto Castillo
Batting: RHB Allen Miller 0-0: Called Strike
0-1: Foul Ball, location: 2F
0-2: Foul Ball, location: 2F
0-2: Ball
1-2: Ball
2-2: Strikes out swinging
Batting: RHB River Hall 0-0: Ball
1-0: Swinging Strike
1-1: Ball
2-1: Ball
3-1: Ground out 6-3 (Groundball, 6M)
Batting: RHB Jorge Ortíz 0-0: Ball
1-0: Foul Ball, location: 2F
1-1: Ball
2-1: Ball
3-1: Swinging Strike
3-2: Base on Balls
Batting: LHB Sam Knight 0-0: Ball
1-0: Foul Ball, location: 2F
1-1: Swinging Strike
1-2: Ball
Jorge Ortíz is caught stealing 2nd base
Bottom of the 8th over - 0 runs, 0 hits, 0 errors, 0 left on base; Georgia 1 - Notre Dame 11
TOP OF THE 9TH
Georgia Bulldogs batting - Pitching for Notre Dame Fighting Irish : RHP Benjamin Bell
Batting: LHB Bill Williams 0-0: Foul Ball, location: 2F
0-1: Called Strike
0-2: Fly out, F6 (Popup, 6S)
Batting: RHB Jay McGuire 0-0: Ball
1-0: Foul Ball, location: 2F
1-1: Ball
2-1: Called Strike
2-2: Strikes out looking
Batting: SHB Andrés Coronado 0-0: Ball
1-0: Ball
2-0: Ball
3-0: Called Strike
3-1: Base on Balls
Batting: RHB Ángel Torres 0-0: Ball
1-0: Ball
2-0: Foul Ball, location: 2F
2-1: Ball
3-1: Ground out 4-3 (Groundball, 4)
Top of the 9th over - 0 runs, 0 hits, 0 errors, 1 left on base; Georgia 1 - Notre Dame 11
Saturday, December 16th, 2017 - OOTP Baseball 18.8 Build 76